[Event "Titled Tuesday Blitz June 15 2021"]
[White "Priyanka Nutakki"]
[Black "Leiva, Gianmarco"]
[WhiteFideId "25049615"]
[BlackFideId "3804399"]
[WhiteElo "1916"]
[BlackElo "2365"]
[Result "1/2-1/2"]
[Round "05"]
[TimeControl "180+1"]
[Date "2021.06.15"]
[WhiteClock "0:00:04"]
[BlackClock "0:00:06"]

1. c4 Nf6 2. Nc3 e5 3. g3 Bb4 4. Bg2 c6 5. e4 O-O 6. Nge2 a6 7. O-O b5 8. d3 d6 9. h3 Bc5 10. a3 Nbd7 11. Kh2 Bb7 12. f4 Re8 13. f5 d5 14. b4 Be7 15. c5 d4 16. Nb1 a5 17. Bb2 axb4 18. axb4 Rxa1 19. Bxa1 Qa8 20. Nd2 Qa3 21. Qb3 Ra8 22. Rb1 Qxb3 23. Nxb3 Ra4 24. Nbc1 Nb8 25. Nxd4 exd4 26. Bxd4 Bc8 27. g4 Bd7 28. g5 Ne8 29. h4 Na6 30. Bc3 h6 31. gxh6 gxh6 32. Kh3 Bf6 33. Bd2 Kh7 34. Bf3 Be5 35. Bh5 Nf6 36. Bxf7 Nc7 37. Bg6+ Kg7 38. Kg2 Ra3 39. Be3 Na6 40. Kf3 Bc3 41. Ne2 Bxb4 42. Rg1 Ng8 43. Be8+ Kf8 44. Bxd7 Rxd3 45. Be6 Nf6 46. Kf2 Rxe3 47. Kxe3 Bxc5+ 48. Nd4 Nb4 49. Rd1 Nc2+ 50. Kf4 Nxd4 51. Re1 Nxe6+ 52. fxe6 Ke7 53. Ke5 Bd6+ 54. Kf5 b4 55. Rg1 Nxe4 56. Kxe4 Kxe6 57. Rg6+ Kd7 58. Rxh6 b3 59. Rh7+ Be7 60. Kd3 c5 61. Kc3 c4 62. Kb2 Ke6 63. Rh6+ Bf6+ 64. Ka3 Kf7 65. Rh5 Kg6 66. Rd5 Bxh4 67. Rd6+ Kf7 68. Rd4 Be7+ 69. Ka4 b2 70. Rf4+ Ke6 71. Rf1 Kd5 72. Rd1+ Kc5 73. Rb1 Bf6 74. Ka3 c3 75. Kb3 Kd4 76. Kc2 Kc4 77. Rd1 Bg5 78. Rf1 Bc1 79. Rxc1 bxc1=Q+ 80. Kxc1 Kb4 81. Kc2 Kc4 82. Kc1 Kd3 83. Kd1 Kd4 84. Kc2 Kc4 85. Kc1 1/2-1/2


[Site "https://www.chess.com"]

[Event "Titled Tuesday Blitz June 15 2021"]
[White "Quintiliano Pinto, Renato R."]
[Black "Jobava, Baadur"]
[WhiteFideId "2117568"]
[BlackFideId "13601520"]
[WhiteElo "2439"]
[BlackElo "2748"]
[Result "0-1"]
[Round "05"]
[TimeControl "180+1"]
[Date "2021.06.15"]
[WhiteClock "0:00:14"]
[BlackClock "0:01:29"]

1. d4 Nf6 2. c4 g6 3. Nc3 Bg7 4. e4 O-O 5. Nf3 c6 6. Be2 d5 7. e5 Ne8 8. O-O dxc4 9. Bxc4 Nc7 10. h3 Nd7 11. Re1 Nb6 12. Bf1 f6 13. Bf4 Ncd5 14. Bg3 Kh8 15. Qd2 Re8 16. Rad1 Be6 17. Ne4 Bg8 18. Nc5 Nd7 19. e6 Nxc5 20. dxc5 Qc8 21. Nd4 Rd8 22. Qc2 f5 23. Be5 Bxe5 24. Rxe5 Qc7 25. Nf3 Nf6 26. Ree1 Kg7 27. Bc4 Rxd1 28. Rxd1 Rd8 29. b4 Rxd1+ 30. Qxd1 Qf4 31. Qc2 h6 32. a3 g5 33. Be2 Bxe6 34. Qc3 Bd5 35. g3 Qe4 36. Kf1 g4 37. hxg4 fxg4 38. Ng1 Qg2+ 0-1


[Site "https://www.chess.com"]

[Event "Titled Tuesday Blitz June 15 2021"]
[White "Real De Azua, Ernesto"]
[Black "Lazavik, Denis"]
[WhiteFideId "108154"]
[BlackFideId "13515110"]
[WhiteElo "2638"]
[BlackElo "2878"]
[Result "0-1"]
[Round "05"]
[TimeControl "180+1"]
[Date "2021.06.15"]
[WhiteClock "0:00:02"]
[BlackClock "0:00:13"]

1. e4 e5 2. Nf3 Nc6 3. Bc4 Bc5 4. O-O Nf6 5. d3 d6 6. c3 h6 7. a4 a5 8. Nbd2 O-O 9. Re1 Be6 10. Bb5 Na7 11. d4 Nxb5 12. dxc5 Na7 13. cxd6 Qxd6 14. Qe2 Nc6 15. Qb5 b6 16. Nc4 Bxc4 17. Qxc4 Rfe8 18. Be3 Qe6 19. Qxe6 Rxe6 20. Nd2 Ng4 21. Nc4 Nxe3 22. Rxe3 Rd8 23. Ree1 Re7 24. Kf1 f6 25. Ke2 Kf7 26. Red1 Red7 27. Rxd7+ Rxd7 28. h4 h5 29. Rd1 Rxd1 30. Kxd1 Ke6 31. Ke2 Nb8 32. f3 Na6 33. Nd2 Nc5 34. b3 g6 35. Ke3 Kd7 36. g3 c6 37. c4 Kd6 38. Ke2 Ne6 39. Kd3 Kc5 40. Kc3 Nd4 41. g4 Ne2+ 42. Kc2 Kd4 43. Nf1 Nf4 44. Ng3 Ke3 45. gxh5 Nxh5 0-1


[Site "https://www.chess.com"]

[Event "Titled Tuesday Blitz June 15 2021"]
[White "Rojas Alarcon, Julian Antonio"]
[Black "Obolentseva, Alexandra"]
[WhiteFideId "5107407"]
[BlackFideId "24153648"]
[WhiteElo "2333"]
[BlackElo "2113"]
[Result "1-0"]
[Round "05"]
[TimeControl "180+1"]
[Date "2021.06.15"]
[WhiteClock "0:01:02"]
[BlackClock "0:00:10"]

1. c4 Nf6 2. Nc3 g6 3. g3 Bg7 4. Bg2 O-O 5. Nf3 d6 6. O-O c5 7. d3 Nc6 8. a3 Rb8 9. Rb1 a6 10. b4 cxb4 11. axb4 b5 12. cxb5 axb5 13. d4 Bf5 14. Rb3 Ne4 15. Nd5 Be6 16. Nd2 Bxd5 17. Bxe4 Bxb3 18. Nxb3 Qd7 19. Qd2 Rfc8 20. d5 Ne5 21. Nd4 Nc4 22. Qd3 Ne5 23. Qd1 Rc4 24. e3 Rxb4 25. f4 Nc4 26. Nc6 Ra4 27. Nxb8 Qh3 28. Bg2 Qc8 29. Nc6 Qb7 30. Qb3 Ra1 31. h3 Bf6 32. Kh2 Qb6 33. e4 Qc5 34. e5 dxe5 35. fxe5 Bg5 36. Bxg5 Rxf1 37. Bxf1 Qf2+ 38. Bg2 f6 39. d6 exd6 40. exd6 fxg5 41. d7 Kg7 42. d8=Q Nd2 43. Qc3+ Kh6 44. Qdxd2 Qf5 45. Qdd4 b4 46. Qg7+ Kh5 47. g4+ Kh4 48. Qg3# 1-0


[Site "https://www.chess.com"]

[Event "Titled Tuesday Blitz June 15 2021"]
[White "Rud_Makarian"]
[Black "Sztokbant, Bernardo Vainzoff"]
[BlackFideId "2115956"]
[WhiteElo "2750"]
[BlackElo "2264"]
[Result "1-0"]
[Round "05"]
[TimeControl "180+1"]
[Date "2021.06.15"]
[WhiteClock "0:01:55"]
[BlackClock "0:00:01"]

1. e4 c6 2. Nc3 d5 3. Nf3 Bg4 4. h3 Bxf3 5. Qxf3 e6 6. d3 Nf6 7. g4 Be7 8. Bg2 Nbd7 9. O-O O-O 10. Qg3 dxe4 11. dxe4 Qa5 12. f4 Rfd8 13. e5 Ne8 14. Kh1 Nf8 15. Ne4 Rd7 16. f5 Rad8 17. f6 gxf6 18. exf6 Bd6 19. Nxd6 Rxd6 20. Bf4 Rd4 21. Be5 Rd2 22. Bc3 Qg5 23. h4 Qg6 24. Bxd2 Rxd2 25. g5 Qxc2 26. Rac1 Qxb2 27. Rb1 Qxa2 28. Rxb7 Nd6 29. Rb8 e5 30. Rfb1 Qe6 31. Rxf8+ Kxf8 32. Rb8+ Nc8 33. Qh3 Rd1+ 34. Kh2 Qxh3+ 35. Bxh3 Rd8 36. Rxc8 Rxc8 37. Bxc8 a5 38. Ba6 a4 39. Kg3 a3 40. Bc4 Ke8 41. Kf3 Kf8 42. Ke4 1-0


[Site "https://www.chess.com"]

[Event "Titled Tuesday Blitz June 15 2021"]
[White "Rustemov, Alexander"]
[Black "Davtyan, David Arm."]
[WhiteFideId "4119002"]
[BlackFideId "13310046"]
[WhiteElo "2709"]
[BlackElo "2028"]
[Result "1-0"]
[Round "05"]
[TimeControl "180+1"]
[Date "2021.06.15"]
[WhiteClock "0:01:35"]
[BlackClock "0:01:08"]

1. d4 Nf6 2. c4 g6 3. Nf3 d5 4. cxd5 Bg7 5. Qa4+ Nbd7 6. Nc3 O-O 7. e4 Nb6 8. Qb3 e6 9. dxe6 Bxe6 10. Qc2 Bg4 11. Be3 Re8 12. Be2 Bxf3 13. Bxf3 Nc4 14. O-O Nxe3 15. fxe3 c5 16. e5 Nd7 17. Bxb7 cxd4 18. exd4 Nxe5 19. Bxa8 Qxd4+ 20. Qf2 Qxf2+ 21. Rxf2 Rxa8 22. Rd1 Nc4 23. Rd7 Nxb2 24. Rxb2 Bxc3 25. Rbb7 Rf8 26. Rxa7 Kg7 27. g3 Kh6 28. Rxf7 Rb8 29. Rxh7+ Kg5 30. Kg2 Rb2+ 31. Kf3 Bd4 32. h4+ 1-0


[Site "https://www.chess.com"]

[Event "Titled Tuesday Blitz June 15 2021"]
[White "Sargsyan, Anna M."]
[Black "Seo, Jung Min"]
[WhiteFideId "13308130"]
[BlackFideId "1734687"]
[WhiteElo "2263"]
[BlackElo "2486"]
[Result "1-0"]
[Round "05"]
[TimeControl "180+1"]
[Date "2021.06.15"]
[WhiteClock "0:00:34"]
[BlackClock "0:01:37"]

1. d4 Nf6 2. c4 e6 3. Nf3 Bb4+ 4. Bd2 Bxd2+ 5. Nbxd2 O-O 6. g3 b6 7. Bg2 Bb7 8. O-O d6 9. Qc2 c5 10. e4 cxd4 11. Nxd4 Qe7 12. Rfe1 Rd8 13. Rad1 Na6 14. b3 Rac8 15. Qb2 Nc5 16. Qb1 g6 17. Nf1 e5 18. Nb5 a6 19. Nc3 b5 20. cxb5 axb5 21. Nxb5 d5 22. exd5 Bxd5 23. Bxd5 Nxd5 24. Ne3 Nxe3 25. Rxe3 Rxd1+ 26. Qxd1 Rd8 27. Qe2 f6 28. Rc3 Ne6 29. Qc4 Kg7 30. a4 Rd1+ 31. Kg2 Qb7+ 32. Qc6 Qe7 33. a5 Qb4 34. Qxe6 Qxb5 35. Rc7+ Kh6 36. Qh3+ Kg5 37. f4+ exf4 38. gxf4+ Kxf4 39. Qf3+ Kg5 40. Qxd1 1-0


[Site "https://www.chess.com"]

[Event "Titled Tuesday Blitz June 15 2021"]
[White "Shapkin, Anatoliy"]
[Black "Lehtosaari, Mauri"]
[WhiteFideId "34108332"]
[BlackFideId "501999"]
[WhiteElo "2223"]
[BlackElo "2461"]
[Result "1-0"]
[Round "05"]
[TimeControl "180+1"]
[Date "2021.06.15"]
[WhiteClock "0:02:41"]
[BlackClock "0:01:32"]

1. d4 d5 2. c4 c6 3. cxd5 cxd5 4. Nf3 Nf6 5. Nc3 Nc6 6. Bf4 a6 7. e3 Bg4 8. h3 Bxf3 9. Qxf3 e6 10. Bd3 Rc8 11. O-O Be7 12. Rac1 b5 13. a4 b4 14. Nb1 Qb6 15. Nd2 O-O 16. Qe2 Ra8 17. Nb3 Rfc8 18. Rc2 Na5 19. Nxa5 Qxa5 20. Rfc1 Rxc2 21. Qxc2 g6 22. Bc7 1-0


[Site "https://www.chess.com"]

[Event "Titled Tuesday Blitz June 15 2021"]
[White "Shevchenko, Kirill"]
[Black "Tejedor Fuente, Enrique"]
[WhiteFideId "14129574"]
[BlackFideId "2299100"]
[WhiteElo "2569"]
[BlackElo "2535"]
[Result "1-0"]
[Round "05"]
[TimeControl "180+1"]
[Date "2021.06.15"]
[WhiteClock "0:00:11"]
[BlackClock "0:00:04"]

1. f4 g6 2. Nf3 Bg7 3. g3 d6 4. Bg2 c5 5. O-O Nf6 6. d3 O-O 7. e4 Nc6 8. Nc3 Rb8 9. h3 b5 10. g4 b4 11. Ne2 Ba6 12. Nd2 Nd7 13. a3 Bb5 14. a4 Ba6 15. Rb1 b3 16. c4 Rb4 17. Ra1 Qa5 18. e5 Bb7 19. exd6 exd6 20. Ne4 Qc7 21. Bd2 Bxb2 22. Rb1 Bg7 23. Bxb4 cxb4 24. d4 f5 25. Ng5 Ne7 26. Ne6 Qxc4 27. Nxf8 Bxg2 28. Nxd7 Bxf1 29. Kxf1 Qc2 30. Qxc2 bxc2 31. Rxb4 Nd5 32. Rb8+ Kf7 33. Rc8 fxg4 34. hxg4 Ke7 35. Nb8 h5 36. gxh5 gxh5 37. Kg1 Ne3 38. Nc6+ Kd7 39. Nxa7 h4 40. Rc3 Nf5 41. Rxc2 Nxd4 42. Nxd4 Bxd4+ 43. Kg2 Bxa7 44. Kh3 Be3 45. f5 Bg5 46. a5 d5 47. a6 Be3 48. f6 Bb6 49. f7 Ke7 50. a7 Bxa7 51. Rc7+ Kf8 52. Rxa7 d4 53. Rd7 d3 54. Kxh4 Kg7 55. Rxd3 Kxf7 56. Kg5 Ke6 57. Kf4 Kf6 58. Rd6+ Ke7 59. Ke5 Kf7 60. Kf5 Ke7 61. Rd5 Ke8 62. Kf6 1-0


[Site "https://www.chess.com"]

[Event "Titled Tuesday Blitz June 15 2021"]
[White "Shkapenko, Pavel"]
[Black "Kubicka, Anna"]
[WhiteFideId "4151933"]
[BlackFideId "1152254"]
[WhiteElo "2386"]
[BlackElo "2010"]
[Result "1-0"]
[Round "05"]
[TimeControl "180+1"]
[Date "2021.06.15"]
[WhiteClock "0:00:05"]
[BlackClock "0:00:06"]

1. e4 c5 2. c3 d6 3. d4 cxd4 4. cxd4 g6 5. Nc3 Bg7 6. h3 Nc6 7. Nf3 Nf6 8. Be2 O-O 9. O-O a6 10. Be3 b5 11. d5 Na5 12. a3 Bd7 13. Nd4 Rc8 14. Qd2 Nc4 15. Bxc4 Rxc4 16. Rfc1 Qb8 17. f3 Rfc8 18. Nb3 b4 19. Ne2 bxa3 20. Rxc4 Rxc4 21. Rxa3 Rb4 22. Ned4 Ba4 23. Nc6 Bxc6 24. dxc6 Ne8 25. Qc2 Nc7 26. Kh1 Qb5 27. Ra5 Qf1+ 28. Kh2 Be5+ 29. Rxe5 dxe5 30. Nc5 Qb5 31. Nd7 Rxb2 32. Qc3 Qe2 33. Kg3 Qxg2+ 34. Kh4 1-0


[Site "https://www.chess.com"]

[Event "Titled Tuesday Blitz June 15 2021"]
[White "Siniauski, Artsiom"]
[Black "Erdogdu, Mert"]
[WhiteFideId "13512269"]
[BlackFideId "6301495"]
[WhiteElo "2212"]
[BlackElo "2485"]
[Result "0-1"]
[Round "05"]
[TimeControl "180+1"]
[Date "2021.06.15"]
[WhiteClock "0:00:03"]
[BlackClock "0:00:09"]

1. e4 c5 2. Nf3 d6 3. Bb5+ Nc6 4. O-O Bd7 5. Re1 Nf6 6. c3 a6 7. Bf1 Bg4 8. h3 Bxf3 9. Qxf3 e6 10. d3 Be7 11. a4 O-O 12. Na3 Qc7 13. Bf4 Rad8 14. Bh2 Qb8 15. Nc4 b5 16. axb5 axb5 17. Ne3 b4 18. Nc4 Qc8 19. Rad1 d5 20. exd5 Nxd5 21. d4 cxd4 22. cxd4 Qb7 23. Ne5 Bf6 24. Nxc6 Qxc6 25. Be5 Qb6 26. Bc4 Bxe5 27. dxe5 Ne7 28. Rxd8 Rxd8 29. Rd1 Rxd1+ 30. Qxd1 Ng6 31. Qd7 h6 32. Qe8+ Nf8 33. b3 Qd4 34. Qb8 Qa1+ 35. Kh2 Qc3 36. g3 g5 37. Kg2 Kg7 38. Qd6 Ng6 39. Qd7 Nxe5 40. Qc7 Nxc4 41. bxc4 b3 42. c5 b2 43. Qb6 Qc2 44. c6 b1=Q 45. Qd4+ Kh7 46. c7 Qxc7 0-1


[Site "https://www.chess.com"]

[Event "Titled Tuesday Blitz June 15 2021"]
[White "Sjugirov, Sanan"]
[Black "David, Alexandru-Vasile"]
[WhiteFideId "4189302"]
[BlackFideId "1223453"]
[WhiteElo "2472"]
[BlackElo "2404"]
[Result "1-0"]
[Round "05"]
[TimeControl "180+1"]
[Date "2021.06.15"]
[WhiteClock "0:00:05"]
[BlackClock "0:00:03"]

1. e4 c5 2. Nf3 e6 3. d4 cxd4 4. Nxd4 Nf6 5. Nc3 Nc6 6. Ndb5 Bc5 7. Bf4 O-O 8. Bc7 Qe7 9. Bd6 Bxd6 10. Qxd6 Qd8 11. Qg3 d5 12. exd5 exd5 13. O-O-O Be6 14. Be2 Qa5 15. Qc7 Qxc7 16. Nxc7 Rac8 17. N7b5 a6 18. Nd4 b5 19. Nxc6 Rxc6 20. Rd4 Ne4 21. Nxe4 dxe4 22. a4 Bb3 23. c3 bxa4 24. Rxe4 Rb8 25. Bf3 Rc7 26. Rhe1 Kf8 27. R1e3 Rd8 28. Re1 g6 29. Bd1 a5 30. Bxb3 axb3 31. Ra4 Rc5 32. Ra3 Rb5 33. Rd1 Re8 34. Ra4 Rbe5 35. Rad4 Re2 36. R4d2 Kg7 37. h3 a4 38. g3 Rxd2 39. Kxd2 Rd8+ 40. Ke2 Re8+ 41. Kd2 Rd8+ 42. Ke2 Rc8 43. Ra1 Ra8 44. Kd3 Rd8+ 45. Ke2 Re8+ 46. Kd3 Rd8+ 47. Ke3 Ra8 48. c4 a3 49. bxa3 b2 50. Rb1 Rxa3+ 51. Kd4 Rb3 52. c5 Kf6 53. Kd5 Ke7 54. Kc6 Kd8 55. h4 h5 56. f4 Kc8 57. Kd6 Rd3+ 58. Ke7 Rd2 59. Kxf7 Kc7 60. Kxg6 Kc6 61. f5 Rg2 62. f6 Rxg3+ 63. Kxh5 Rf3 64. Kg6 Rg3+ 65. Kh7 Rh3 66. Rxb2 Rxh4+ 67. Kg7 Rg4+ 68. Kf7 Kxc5 69. Re2 Kd6 70. Rd2+ Kc7 71. Ke7 Re4+ 72. Kf8 Re1 73. f7 Rg1 74. Re2 Kd7 75. Rd2+ Kc7 76. Rd4 Rh1 77. Ke7 Re1+ 78. Kf6 Rf1+ 79. Ke6 Kc8 80. Rd5 Re1+ 81. Re5 1-0


[Site "https://www.chess.com"]

[Event "Titled Tuesday Blitz June 15 2021"]
[White "Spata, German"]
[Black "Bryakin, Mikhail"]
[WhiteFideId "113026"]
[BlackFideId "4165314"]
[WhiteElo "2238"]
[BlackElo "2409"]
[Result "1/2-1/2"]
[Round "05"]
[TimeControl "180+1"]
[Date "2021.06.15"]
[WhiteClock "0:00:08"]
[BlackClock "0:02:09"]

1. d4 g6 2. Nf3 Bg7 3. Bf4 d6 4. e3 Nf6 5. h3 O-O 6. Be2 e6 7. O-O Qe7 8. c4 Nbd7 9. Bh2 b6 10. Nc3 Bb7 11. Rc1 Ne4 12. Nxe4 Bxe4 13. Nd2 Bb7 14. Bf3 Bxf3 15. Nxf3 e5 16. Qd2 e4 17. Ne1 f5 18. Nc2 Kh8 19. Nb4 Nf6 20. Nd5 Qd7 21. Nxf6 Rxf6 22. Rfd1 Re8 23. c5 dxc5 24. Be5 Rc6 25. Bxg7+ Kxg7 26. dxc5 Qxd2 27. Rxd2 Re7 28. Kf1 Kf6 29. Ke2 Ke5 30. Rdc2 b5 31. Rd2 a5 32. Rd8 Ra6 33. Rb8 c6 34. Rd8 Raa7 35. Rcd1 f4 36. R1d6 fxe3 37. fxe3 Rac7 38. Rf8 Re6 39. Rd4 a4 40. Rf4 Ree7 41. Rfxe4+ Kf6 42. Rd6+ Kf7 43. Rxe7+ Kxe7 44. e4 Kf7 45. Ke3 Ke7 46. g4 Rc8 47. e5 Rc7 48. h4 Rc8 49. h5 gxh5 50. gxh5 Rg8 51. Rxc6 Rg2 52. Rc7+ Ke6 53. Rxh7 Rxb2 54. Rb7 Kxe5 55. h6 Kd5 56. h7 Rh2 57. Rc7 b4 58. c6 Kd6 59. Rb7 Rh3+ 60. Kd4 Rh4+ 61. Kd3 Kxc6 62. Rxb4 Rh3+ 63. Kc4 Rh4+ 64. Kc3 Rh3+ 65. Kc4 a3 66. Rb3 Rh4+ 67. Kc3 Rxh7 68. Rxa3 Kb5 69. Rb3+ Kc5 70. Ra3 Rh2 71. Ra5+ Kb6 72. Ra3 Rh3+ 73. Kb2 Rh4 74. Rb3+ Kc5 75. Rc3+ Kb4 76. Rb3+ Ka4 77. Ra3+ Kb4 78. Rb3+ Kc4 79. Rc3+ Kd4 80. Rc2 Rh8 81. a4 Rh3 82. a5 Kd5 83. Rc3 Rh2+ 84. Kb3 Rh1 85. Kb4 Rb1+ 86. Ka4 Ra1+ 87. Kb5 Kd6 88. Kb6 Rb1+ 89. Ka7 Kd7 90. a6 Ke8 91. Rc6 Kd7 92. Rc3 Rb4 93. Rc2 Rb3 94. Rc1 Rb2 95. Rc4 Rb5 96. Rc3 Rb4 97. Rc2 Rb1 98. Rh2 Kc7 99. Rh7+ Kc8 100. Rh8+ Kc7 101. Rh7+ Kc8 102. Rh8+ Kc7 103. Rh7+ 1/2-1/2


[Site "https://www.chess.com"]

[Event "Titled Tuesday Blitz June 15 2021"]
[White "SpeedofLight0"]
[Black "Perez Ponsa, Federico"]
[BlackFideId "117927"]
[WhiteElo "2817"]
[BlackElo "2672"]
[Result "1-0"]
[Round "05"]
[TimeControl "180+1"]
[Date "2021.06.15"]
[WhiteClock "0:00:23"]
[BlackClock "0:00:08"]

1. e4 c5 2. Nf3 d6 3. Bb5+ Nd7 4. O-O a6 5. Bd3 Ngf6 6. c3 b5 7. Re1 Bb7 8. Bc2 c4 9. a4 e6 10. axb5 axb5 11. Rxa8 Qxa8 12. Na3 Be7 13. Nxb5 O-O 14. Qe2 Rc8 15. Na3 Ba6 16. d4 cxd3 17. Bxd3 Bxd3 18. Qxd3 Nc5 19. Qc2 Ncxe4 20. Nb5 d5 21. Be3 Ng4 22. Bd4 Qb8 23. Qe2 Ng5 24. Ne5 Nxe5 25. Bxe5 Qb6 26. Bd4 Qb7 27. Ra1 Rb8 28. Be5 Qxb5 29. Qxb5 Rxb5 30. Ra8+ Bf8 31. Bd6 h5 32. Bxf8 Kh7 33. b4 Ne4 34. Rc8 Rb7 35. f3 Nd2 36. Bc5 Nc4 37. Kf2 Kg6 38. h4 f6 39. Ke2 Na3 40. Kd3 Kf5 41. Rh8 g6 42. Rf8 Nc4 43. Bd4 e5 44. Bc5 Nb2+ 45. Kc2 Na4 46. Rd8 Kf4 47. Rxd5 Kg3 48. Rd6 g5 49. Rxf6 gxh4 50. Rg6+ Kh2 51. Bd6 Kg1 52. Bxe5 Re7 53. Bd4+ Kf1 54. Kb3 Re2 55. Kxa4 Rxg2 56. Rxg2 Kxg2 57. b5 h3 58. Be5 h4 59. b6 h2 60. Bxh2 Kxh2 61. b7 h3 62. b8=Q+ Kg2 63. Qh8 h2 64. c4 h1=Q 65. Qxh1+ Kxh1 66. c5 1-0


[Site "https://www.chess.com"]

[Event "Titled Tuesday Blitz June 15 2021"]
[White "Starozhilov, Leonid"]
[Black "Suvorov, Luca"]
[WhiteFideId "14106752"]
[BlackFideId "12977071"]
[WhiteElo "2414"]
[BlackElo "2127"]
[Result "1-0"]
[Round "05"]
[TimeControl "180+1"]
[Date "2021.06.15"]
[WhiteClock "0:00:11"]
[BlackClock "0:00:02"]

1. e4 e5 2. Nf3 Nc6 3. Bb5 a6 4. Ba4 Nf6 5. d3 d6 6. c3 g6 7. Nbd2 Bg7 8. O-O O-O 9. h3 b5 10. Bc2 Bb7 11. a4 Qe7 12. Re1 b4 13. Nf1 d5 14. Bg5 dxe4 15. dxe4 Rfd8 16. Qe2 h6 17. Bxf6 Qxf6 18. Ne3 bxc3 19. bxc3 Ne7 20. Bb3 Rab8 21. Rab1 h5 22. Qc4 Bc6 23. h4 Bh6 24. Ng5 Bxg5 25. hxg5 Qe6 26. Qxe6 fxe6 27. Nc4 Be8 28. Nxe5 Rb6 29. a5 Rbd6 30. Red1 Nc6 31. Nxc6 Bxc6 32. Rxd6 Rxd6 33. e5 Rd3 34. Bxe6+ Kf8 35. Rc1 Bb5 36. Kh2 Ke7 37. Bb3 Rd2 38. Kg3 Bd7 39. Rc2 Rd3+ 40. f3 Bb5 41. Kf4 Kd7 42. Bf7 Rd2 43. Rxd2+ 1-0


[Site "https://www.chess.com"]

[Event "Titled Tuesday Blitz June 15 2021"]
[White "Svane, Frederik"]
[Black "Yoo, Christopher Woojin"]
[WhiteFideId "12923044"]
[BlackFideId "30909694"]
[WhiteElo "2459"]
[BlackElo "2009"]
[Result "1/2-1/2"]
[Round "05"]
[TimeControl "180+1"]
[Date "2021.06.15"]
[WhiteClock "0:00:23"]
[BlackClock "0:00:52"]

1. e4 c5 2. Nf3 e6 3. d4 cxd4 4. Nxd4 Nf6 5. Nc3 Qb6 6. Nb3 Bb4 7. Bd3 d6 8. O-O Bxc3 9. bxc3 O-O 10. c4 Nbd7 11. Be3 Qc7 12. f4 b6 13. Qe2 Bb7 14. Bf2 Rac8 15. Nd4 Nc5 16. Nb5 Qe7 17. Nxa7 Ra8 18. Bxc5 dxc5 19. Nb5 e5 20. f5 Ra4 21. Nc3 Ra3 22. Nb5 Ra5 23. Nc3 Ra3 24. Nb5 Ra5 25. Nc3 Ra3 1/2-1/2


[Site "https://www.chess.com"]

[Event "Titled Tuesday Blitz June 15 2021"]
[White "Terry, Renato"]
[Black "Rosenberg, Evan S"]
[WhiteFideId "3803457"]
[BlackFideId "2019299"]
[WhiteElo "2581"]
[BlackElo "2243"]
[Result "0-1"]
[Round "05"]
[TimeControl "180+1"]
[Date "2021.06.15"]
[WhiteClock "0:00:01"]
[BlackClock "0:00:01"]

1. e4 e5 2. Nf3 Nc6 3. c3 d5 4. Qa4 f6 5. Bb5 Ne7 6. exd5 Qxd5 7. d4 e4 8. Bc4 Qh5 9. Nfd2 Qg6 10. d5 Qxg2 11. Rf1 e3 12. dxc6 exd2+ 13. Bxd2 Nxc6 14. Be3 Bd7 15. Nd2 Ne5 16. Bb5 Nd3+ 17. Ke2 Ne5 18. Bxd7+ Nxd7 19. Nf3 Qg6 20. Rad1 c6 21. Qb3 O-O-O 22. Rg1 Qe4 23. Rd4 Qe8 24. Rgd1 Bc5 25. R4d3 Bxe3 26. fxe3 Qh5 27. Qe6 Rhe8 28. Qc4 Ne5 29. Rxd8+ Rxd8 30. Rxd8+ Kxd8 31. Qg8+ Kc7 32. Qxg7+ Kb6 33. Qxf6 Nxf3 34. Qxf3 Qxh2+ 35. Kd3 Qd6+ 36. Kc2 Qh2+ 37. Kb3 Qd6 38. e4 Qd2 39. e5 a5 40. a4 Qe1 0-1


[Site "https://www.chess.com"]

[Event "Titled Tuesday Blitz June 15 2021"]
[White "Triapishko, Alexandr"]
[Black "Dimic, Pavle"]
[WhiteFideId "14122286"]
[BlackFideId "937428"]
[WhiteElo "2490"]
[BlackElo "2216"]
[Result "1-0"]
[Round "05"]
[TimeControl "180+1"]
[Date "2021.06.15"]
[WhiteClock "0:01:23"]
[BlackClock "0:00:53"]

1. e4 c5 2. Nf3 d6 3. d4 cxd4 4. Nxd4 Nf6 5. Nc3 Nc6 6. Bc4 e6 7. Be3 Be7 8. Bb3 Bd7 9. O-O O-O 10. f4 a6 11. f5 Qc8 12. fxe6 fxe6 13. Nf5 Qc7 14. Bg5 Kh8 15. Nxe7 Nxe7 16. Qd2 b5 17. Rad1 b4 18. Bxf6 gxf6 19. Ne2 e5 20. Ng3 a5 21. Qxd6 Qa7+ 22. Kh1 Bb5 23. Rxf6 a4 24. Rxf8+ Rxf8 25. Qxe5+ 1-0


[Site "https://www.chess.com"]

[Event "Titled Tuesday Blitz June 15 2021"]
[White "Urazayev, Arystanbek"]
[Black "Nazaretyan, Tigran"]
[WhiteFideId "13709810"]
[BlackFideId "24162345"]
[WhiteElo "2321"]
[BlackElo "2247"]
[Result "1/2-1/2"]
[Round "05"]
[TimeControl "180+1"]
[Date "2021.06.15"]
[WhiteClock "0:00:13"]
[BlackClock "0:00:08"]

1. c4 Nf6 2. Nc3 e5 3. Nf3 Nc6 4. Qc2 g6 5. g3 Bg7 6. Bg2 O-O 7. O-O d6 8. a3 a5 9. Rb1 Re8 10. d3 h6 11. b4 axb4 12. axb4 Be6 13. b5 Ne7 14. Nd2 c6 15. bxc6 bxc6 16. Nde4 Nxe4 17. Nxe4 f5 18. Nc3 d5 19. cxd5 cxd5 20. e3 Qc7 21. Qd2 Rec8 22. Bb2 Rab8 23. Rbc1 Qb6 24. Ba1 Kh7 25. Ne2 Nc6 26. h4 h5 27. d4 e4 28. Nf4 Bf7 29. Rc5 Bf8 30. Rfc1 Bxc5 31. dxc5 Qd8 32. Nh3 d4 33. Ng5+ Kg8 34. Nxf7 Kxf7 35. exd4 Qd5 36. Bf1 Rb4 37. Bc3 Nxd4 38. Qh6 Ra4 39. Qh7+ Kf6 40. Rd1 Qxc5 41. Bb2 Rd8 42. Kh1 Qe7 43. Qh6 Kf7 44. Bb5 Rb4 45. Ba3 Nxb5 46. Qh7+ Kf6 47. Qxe7+ Kxe7 48. Bxb4+ Ke8 49. Ra1 Nd4 50. Kg2 Nf3 51. Bc5 Rd5 52. Be3 Kf7 53. Ra7+ Ke6 54. Ra6+ Rd6 55. Ra1 Rc6 56. Ra8 Rd6 57. Ra1 Rc6 58. Rb1 Rd6 59. Rc1 Kd5 60. Bf4 Rc6 61. Rd1+ Ke6 62. Be3 Ne5 63. Rb1 Nc4 64. Bf4 Ne5 65. Rb8 Nd3 66. Be3 Rc2 67. Re8+ Kf7 68. Rd8 Nxf2 69. Bxf2 e3 70. Kf3 exf2 71. Kg2 Kf6 72. Rd6+ Kf7 73. Ra6 Rd2 74. Rb6 Kg7 75. Rc6 Kf7 76. Rb6 Re2 77. Rc6 Rd2 78. Rb6 1/2-1/2


[Site "https://www.chess.com"]

[Event "Titled Tuesday Blitz June 15 2021"]
[White "Vaishali, Rameshbabu"]
[Black "Kollars, Dmitrij"]
[WhiteFideId "5091756"]
[BlackFideId "12909572"]
[WhiteElo "2313"]
[BlackElo "2576"]
[Result "0-1"]
[Round "05"]
[TimeControl "180+1"]
[Date "2021.06.15"]
[WhiteClock "0:00:01"]
[BlackClock "0:00:35"]

1. e4 e5 2. Nf3 Nc6 3. Bb5 a6 4. Ba4 Nf6 5. O-O Be7 6. Re1 b5 7. Bb3 d6 8. c3 O-O 9. h3 Na5 10. Bc2 c5 11. d4 Nd7 12. Nbd2 exd4 13. cxd4 Nc6 14. d5 Nce5 15. a4 Rb8 16. axb5 axb5 17. Nxe5 Nxe5 18. f4 Ng6 19. Nf3 Bh4 20. Rf1 Bg3 21. f5 Ne5 22. Ra7 Nxf3+ 23. Qxf3 Be5 24. b3 Bb7 25. Be3 Qb6 26. Ra2 Ra8 27. Rxa8 Rxa8 28. f6 gxf6 29. Qh5 Kf8 30. Bg5 Ke7 31. Bd1 c4+ 32. Kh1 Rg8 33. Bh4 Qe3 34. Qxh7 Rg6 35. Bh5 Qxe4 36. Bxg6 Qxg6 37. Qh8 Bxd5 38. Rg1 cxb3 39. Qc8 b2 40. Bf2 b1=Q 0-1


[Site "https://www.chess.com"]

[Event "Titled Tuesday Blitz June 15 2021"]
[White "Valdes Romero, Leonardo"]
[Black "Kovalev, Vladislav"]
[WhiteFideId "6500331"]
[BlackFideId "13504398"]
[WhiteElo "2639"]
[BlackElo "2884"]
[Result "0-1"]
[Round "05"]
[TimeControl "180+1"]
[Date "2021.06.15"]
[WhiteClock "0:00:02"]
[BlackClock "0:00:05"]

1. Nf3 Nf6 2. g3 g6 3. d3 Bg7 4. Bg2 O-O 5. O-O d5 6. Nbd2 Nc6 7. e4 e5 8. c3 a5 9. Qc2 Re8 10. b3 b6 11. Re1 Ba6 12. Bf1 Qd7 13. a3 Rad8 14. Bb2 dxe4 15. dxe4 Bxf1 16. Kxf1 Qh3+ 17. Kg1 Ng4 18. Nf1 Bh6 19. Rad1 Bf8 20. b4 Bd6 21. Bc1 f6 22. Qb3+ Kg7 23. Qc4 Nb8 24. Rd3 axb4 25. axb4 Nd7 26. Red1 Nf8 27. Ne3 h5 28. Nf1 Ne6 29. Qc6 Rh8 30. Qc4 Rde8 31. Rxd6 cxd6 32. Rxd6 Nh6 33. Bxh6+ Kxh6 34. Ne3 Rhf8 35. Rxb6 Nf4 36. Qf1 Ra8 37. Qxh3 Nxh3+ 38. Kg2 Ng5 39. Nxg5 fxg5 40. Nf5+ Kh7 41. Rb7+ Kh8 42. Ne7 Ra6 43. b5 Raf6 44. f3 g4 45. f4 exf4 46. gxf4 h4 47. f5 gxf5 48. exf5 R8f7 49. Ng6+ Kg7 50. Rxf7+ Rxf7 51. Nxh4 Kf6 52. Kg3 Kg5 53. Ng2 Rc7 54. Ne3 Rxc3 55. Kf2 Rb3 56. Nc4 Rxb5 57. Ne3 Rb3 58. Ke2 Kf4 59. Nd5+ Kxf5 60. Ne3+ Kg5 61. Kf2 Kh4 62. Ng2+ Kh3 63. Nf4+ Kxh2 64. Nh5 g3+ 65. Kf1 g2+ 0-1


[Site "https://www.chess.com"]